 Dungeon Crawl Stone Soup version 0.31.0-9-g3a7656b989 (webtiles) character file.

Game seed: 18107992274698625079

2 GordonOverkill the Sneak (level 1, 0/8 (18) HPs)
             Began as a Formicid Delver on Jan 25, 2024.
             Succumbed to an adder's poison
             ... on level 2 of the Dungeon.
             The game lasted 00:02:30 (515 turns).

GordonOverkill the Sneak (Formicid Delver)           Turns: 515, Time: 00:02:31

HP:   0/8 (18)      AC:  6    Str: 16    XL:     1   Next: 44%
MP:   1/1           EV: 11    Int:  9    God:
Gold: 11            SH:  5    Dex: 15    Spells: 0/0 levels left

rFire   . . .        a - +0 mace
rCold   . . .        h - +1 buckler {AC+3}
rNeg    . . .        b - +0 leather armour
rPois   .            (helmet unavailable)
rElec   .            (no cloak)
rCorr   .            (no gloves)
SInv    +            (no boots)
Will    .....        (no amulet)
Stlth   +++          (no ring)
HPRegen 0.21/turn    (no ring)
MPRegen 0.07/turn

%: no passive effects
@: lethally poisoned (0 -> -2), extremely drained
A: permanent stasis, dig shafts and tunnels, antennae 3, four strong arms
a: Dig, Shaft Self


You were on level 2 of the Dungeon.
You visited 1 branch of the dungeon, and saw 5 of its levels.

You collected 11 gold pieces.

Inventory:

Hand Weapons
 a - a +0 mace (weapon)
Armour
 b - a +0 leather armour (worn)
 h - a +1 buckler of protection (worn)
Wands
 f - a wand of digging (3)
Scrolls
 c - a scroll of fog
 e - a scroll of fear
 i - 2 scrolls of identify {unknown}
 j - a scroll of noise {unknown}
Potions
 g - a potion of heal wounds {unknown}
 k - a potion of might {unknown}
 l - a potion of enlightenment {unknown}
 m - 2 potions of mutation {unknown}


   Skills:
 - Level 3.2 Fighting
 + Level 2.2 Maces & Flails
 - Level 1.7 Dodging
 - Level 6.0 Stealth


You couldn't memorise any spells.
You didn't know any spells.
Your spell library was empty.

Dungeon Overview and Level Annotations

Branches:
Dungeon (6/15)
 Temple: D:4-7

Altars:

Annotations:
D:3 1 runed translucent door, koorschki's ghost, amateur OpSh


Innate Abilities, Weirdness & Mutations

You cannot be hasted, slowed, berserked, paralysed or teleported.
You can dig through walls and to a lower floor.
You have a pair of large antennae on your head. (SInv)
Your four strong arms can wield two-handed weapons with a shield.


Message History

You retract your mandibles.
You sock the ball python!
You kill the ball python!
An endoplasm comes into view.
You extend your mandibles.
You dig through the rock wall.
You feel drained.
You dig through the rock wall.
You feel drained.
You dig through the rock wall.
You feel drained.
You dig through the rock wall.
You feel drained.
You dig through the rock wall.
You feel drained.
You retract your mandibles.
You start waiting.
Done waiting.
The adder hisses angrily.
An adder comes into view.
The adder bites you but does no damage. You block the adder's attack.
The adder attacks as it pursues you! The adder bites you but does no damage.
The adder closely misses you.
You closely miss the adder. The adder closely misses you.
You miss the adder. The adder bites you but does no damage.
You block the adder's attack.
You hit the adder but do no damage.
The adder bites you but does no damage. x2
You closely miss the adder. The adder closely misses you.
You block the adder's attack.
You hit the adder but do no damage. The adder bites you.
* * * LOW HITPOINT WARNING * * *
You are lethally poisoned!
The adder poisons you!
You miss the adder.
* * * LOW HITPOINT WARNING * * *
You feel sick. The adder bites you but does no damage.
The adder closely misses you.
You hit the adder.
The adder is moderately wounded.
* * * LOW HITPOINT WARNING * * *
You feel sick. You block the adder's attack. The adder barely misses you.
You miss the adder.
The adder is moderately wounded.
You die...

#######.##.# ###
#......#.#.# ......
#......##.## ......
#.>.....#####......
#......#...>..!...S
#......####.#......
#..................
######.......#####.
#......JS@.#
##########.# .# ..
###


You could see an adder and an endoplasm.

Vanquished Creatures
  An endoplasm (D:3)
  A ball python (D:2)
  A frilled lizard (D:3)
3 creatures vanquished.

Notes
Turn   | Place    | Note
-------+----------+-------------------------------------------
     0 | D:5      | GordonOverkill the Formicid Delver began the quest for the
                  | Orb.
     0 | D:5      | Reached XP level 1. HP: 18/18 MP: 1/1
    36 | D:5      | Noticed an iguana
    61 | D:4      | Noticed a scorpion
    83 | D:4      | Noticed a scorpion
    86 | D:3      | Noticed koorschki's ghost (amateur OpSh)
    86 | D:3      | Noticed an ogre
    86 | D:3      | Found a runed translucent door.
   178 | D:4      | Noticed a wight
   178 | D:4      | Noticed a wight
   178 | D:4      | Noticed a wight
   515 | D:2      | Succumbed to an adder's poison

Illustrated notes

Levels and vault maps discovered:
D:2:      minmay_thinvault, layout_basic, minmay_tetromino_l4, uniq_natasha
D:3:      layout_basic, hellmonk_ghost_happy_afterlife,
          minmay_misc_feat_secret_circle, serial_bayou_crossing, uniq_sigmund,
          uniq_grinder, uniq_jessica
D:4:      layout_rooms
D:5:      layout_basic, mainiacjoe_overflow_concentric_impassable,
          ebering_ghost_sewer_d
D:6:      layout_rooms, mainiacjoe_overflow_swirl, serial_shops,
          nicolae_shop_hallway_plus

Action                     || total
---------------------------++-------
  Melee: Mace              ||    11
Ability: Dig               ||     4
    Use: Scroll            ||     1
   Stab: Sleeping          ||     1
 Armour: Leather armour    ||    13
  Dodge: Dodged            ||     8
  Block: Buckler           ||     6
